Map: Disco Bloodbath LE

Players

INnoVation - Winner!

  • Race: Terran Terran
  • Spawn Location: 3:00

Neeb

  • Race: Protoss Protoss
  • League: Master
  • Spawn Location: 9:00

Event: NationWars 2019

VOD

Have the link to the VOD?

Description

Time

  • Played on: Nov. 12, 2019, 5:27 p.m.
  • Length: 12:47
Show
View Real Time Build Order
Export as new Build Order

INnoVation Terran - Winner!

Build Orders: Reaper Expand 

Get SALT Encoding   

  12  0:00  SCV  
  13  0:12  SCV  
  14  0:17  Supply Depot  
  14  0:25  SCV  
  15  0:38  SCV  
  15  0:40  Barracks  
  16  0:43  Refinery  
  16  0:50  SCV  
  17  1:02  SCV  
  18  1:15  SCV  
  19  1:27  Orbital Command, Reaper  
  20  1:39  Command Center  
  20  1:52  SCV  
  21  1:57  Supply Depot  
  21  1:58  Marine  
  22  2:05  SCV  
  23  2:08  Factory  
  23  2:14  Refinery  
  23  2:18  SCV  
  23  2:21  Barracks Reactor  
  24  2:30  SCV  
  25  2:42  SCV  
  26  2:52  Orbital Command  
  26  2:53  Factory Tech Lab  
  26  2:54  Starport  
  26  2:55  SCV  
  26  2:57  Marine x2  
  29  3:07  SCV  
  30  3:15  Marine x2  
  30  3:17  Siege Tank  
  34  3:21  SCV x2  
  36  3:28  Supply Depot  
  36  3:33  SCV x2, Marine x2  
  38  3:42  Medivac  
  38  3:45  SCV x2  
  42  3:50  Supply Depot  
  42  3:52  Marine x2  
  44  3:58  Siege Tank  
  44  4:01  SCV x2  
  49  4:05  Supply Depot  
  49  4:09  Marine  
  49  4:10  Marine  
  49  4:13  SCV x2  
  55  4:22  Viking  
  55  4:23  Barracks  
  55  4:25  SCV x2  
  55  4:27  Marine x2  
  59  4:38  Barracks, Siege Tank  
  62  4:40  SCV x2  
  64  4:46  Marine  
  64  4:47  Supply Depot, Marine  
  66  4:54  SCV x2, Refinery  
  66  5:02  Engineering Bay  
  66  5:06  SCV x2, Marine x2  
  70  5:10  Siege Tank  
  73  5:18  SCV x2  
  73  5:24  Marine x2  
  71  5:30  SCV x2  
  71  5:32  Terran Infantry Weapons Level 1  
  71  5:34  Refinery  
  73  5:37  Starport Reactor  
  73  5:38  Barracks Tech Lab  
  73  5:39  Barracks Tech Lab  
  73  5:42  SCV x2, Supply Depot, Marine x2  
  77  5:51  Supply Depot x2  
  77  5:54  SCV  
  77  5:55  SCV  
  78  5:57  Siege Tank  
  66  6:06  SCV  
  66  6:07  SCV, Marauder x2, Marine x2  
  66  6:09  Stimpack  
  72  6:18  SCV  
  72  6:19  SCV  
  72  6:22  Combat Shield  
  74  6:29  Command Center  
  74  6:33  Siege Tank  
  77  6:40  Marauder x2, Marine x2  
  77  6:46  Supply Depot  
  83  6:56  Medivac x2  
  83  6:58  Barracks  
  83  6:59  Barracks  
  87  7:04  Marauder x2  
  87  7:07  Marine x2  
  93  7:10  Siege Tank  
  93  7:12  SCV x2  
  98  7:17  Supply Depot  
  98  7:25  SCV x2, Marauder x2, Marine x2  
  106  7:31  Terran Infantry Armor Level 1  
  106  7:34  Supply Depot  
  106  7:45  Marine x2  
  106  7:46  Marauder  
  106  7:47  Orbital Command, SCV x2, Marauder  
  114  7:52  Barracks Reactor, Barracks Tech Lab  
  114  7:58  Medivac x2  
  118  8:02  SCV x2  
  118  8:04  Siege Tank, Refinery x2  
  122  8:06  Supply Depot  
  122  8:16  Marauder x3  
  122  8:17  Marine x2  
  122  8:19  SCV x3  
  133  8:22  Supply Depot  
  133  8:31  SCV x3  
  136  8:36  Supply Depot  
  136  8:38  Armory  
  136  8:39  Marauder x2  
  136  8:40  Marauder  
  136  8:41  Engineering Bay  
  142  8:43  Marine x3  
  142  8:48  SCV x2  
  138  8:55  Missile Turret, Siege Tank  
  140  9:06  SCV x2  
  140  9:07  SCV  
  133  9:10  Medivac x2  
  131  9:18  SCV  
  131  9:19  SCV x2  
  131  9:23  Marauder  
  131  9:24  Marauder x2  
  140  9:28  Marine  
  140  9:29  Marine x3  
  136  9:33  Siege Tank  
  117  9:43  Medivac x2  
  111  9:45  Marauder  
  111  9:46  Marauder x2, Marine x2  
  111  9:47  Marine x2  
  117  9:56  Terran Infantry Armor Level 2, Terran Infantry Weapons Level 2  
  117  9:57  Terran Ship Weapons Level 1  
  117  10:05  Siege Tank  
  120  10:11  Marauder x3  
  126  10:16  Marine  
  126  10:17  Marine x3  
  126  10:18  Viking  
  132  10:27  Viking  
Show
View Real Time Build Order
Export as new Build Order

Neeb Protoss 

Build Orders: 1 Gate Expand 

Get SALT Encoding   

  12  0:00  Probe  
  13  0:13  Probe  
  14  0:18  Pylon  
  14  0:25  Probe (Chrono Boost)  
  15  0:37  Probe (Chrono Boost), Gateway  
  16  0:45  Probe (Chrono Boost)  
  16  0:46  Assimilator  
  17  0:51  Probe  
  18  1:03  Probe  
  19  1:15  Probe  
  20  1:22  Nexus  
  20  1:32  Cybernetics Core  
  20  1:35  Probe  
  21  1:42  Assimilator  
  21  1:47  Probe  
  21  1:50  Pylon  
  22  1:59  Probe  
  23  2:06  Adept (Chrono Boost)  
  23  2:11  Probe  
  26  2:18  Robotics Facility  
  26  2:22  Warp Gate  
  26  2:24  Probe (Chrono Boost)  
  26  2:32  Stalker  
  26  2:34  Probe (Chrono Boost)  
  30  2:42  Probe (Chrono Boost)  
  30  2:43  Probe (Chrono Boost)  
  31  2:48  Probe x2 (Chrono Boost)  
  33  3:00  Probe x2  
  33  3:02  Sentry  
  38  3:06  Observer  
  38  3:08  Gateway  
  38  3:09  Gateway  
  38  3:12  Probe x2  
  40  3:24  Probe x2  
  42  3:28  Warp Prism  
  44  3:36  Probe x2  
  44  3:40  Pylon  
  44  3:41  Assimilator  
  46  3:45  Assimilator  
  46  3:52  Pylon  
  46  3:58  Probe (Chrono Boost), Robotics Bay  
  46  4:02  Probe (Chrono Boost)  
  48  4:03  Pylon  
  48  4:07  Observer  
  48  4:09  Probe (Chrono Boost)  
  50  4:10  Stalker x2  
  50  4:12  Probe (Chrono Boost)  
  50  4:13  Probe (Chrono Boost)  
  50  4:16  Stalker  
  58  4:22  Probe  
  64  4:36  Stalker  
  64  4:37  Stalker  
  67  4:42  Immortal (Chrono Boost)  
  65  4:46  Pylon  
  65  4:48  Pylon  
  63  4:58  Stalker  
  61  5:01  Cybernetics Core  
  61  5:06  Pylon x2  
  61  5:08  Pylon  
  65  5:24  Zealot x3  
  55  5:38  Robotics Facility  
  55  5:43  Gateway  
  55  5:45  Stalker x2  
  55  5:46  Gateway  
  55  5:47  Gateway  
  55  5:49  Shield Battery  
  47  6:06  Probe (Chrono Boost)  
  47  6:07  Probe (Chrono Boost)  
  47  6:10  Stalker x2  
  47  6:17  Twilight Council  
  49  6:18  Probe (Chrono Boost)  
  49  6:19  Probe (Chrono Boost)  
  49  6:23  Disruptor (Chrono Boost)  
  49  6:24  Probe x2 (Chrono Boost)  
  51  6:27  Gravitic Drive (Chrono Boost)  
  51  6:32  Probe  
  53  6:34  Probe  
  53  6:38  Sentry x2  
  59  6:44  Probe  
  59  6:46  Probe  
  61  6:48  Disruptor (Chrono Boost)  
  61  6:53  Nexus  
  64  7:00  Pylon  
  64  7:01  Charge (Chrono Boost)  
  64  7:08  Templar Archives  
  64  7:14  Colossus (Chrono Boost)  
  64  7:16  Observer  
  70  7:23  Extended Thermal Lance (Chrono Boost)  
  70  7:31  Zealot  
  70  7:32  Zealot x3  
  70  7:35  Zealot  
  80  7:55  Zealot  
  80  7:56  Zealot x2  
  80  7:57  Colossus (Chrono Boost)  
  86  8:03  Zealot x2  
  96  8:18  Zealot x3  
  98  8:25  Pylon  
  98  8:26  Pylon  
  98  8:28  Pylon  
  98  8:32  High Templar  
  98  8:33  High Templar  
  102  8:39  Archon  
  102  8:46  High Templar x2  
  102  8:47  Zealot  
  108  8:50  Archon, Gateway  
  108  8:52  Gateway  
  108  8:55  Gateway  
  96  9:16  High Templar x2  
  96  9:17  Zealot  
  102  9:18  Nexus  
  102  9:22  Archon  
  102  9:23  Zealot  
  102  9:24  Zealot  
  86  9:42  Zealot  
  80  9:48  Zealot x5  
  90  10:04  Zealot  
  92  10:09  Zealot x3  
  92  10:10  Zealot x2  
Tags
 
Add a new tag
Caveats
  • Supply blocks, unpowered buildings, or Contaminate may cause inaccurate times.
  • Supply counts are checked every 10 seconds.